Map: King's Cove LE

Players

DeRagonSlayR

  • Race: Protoss Protoss
  • League: Diamond
  • Spawn Location: 11:00

Parkkatz - Winner!

  • Race: Zerg Zerg
  • League: Platinum
  • Spawn Location: 5:00

VOD

Have the link to the VOD?

Description

Time

  • Played on: July 6, 2019, 10:20 p.m.
  • Length: 10:12
Show
View Real Time Build Order
Export as new Build Order

DeRagonSlayR Protoss 

Build Orders: Zealot Archon 

Get SALT Encoding   

  12  0:01  Probe  
  13  0:13  Probe  
  14  0:19  Pylon  
  14  0:25  Probe  
  15  0:35  Probe  
  16  0:43  Probe  
  17  0:52  Probe  
  18  1:04  Probe  
  18  1:08  Nexus  
  19  1:19  Probe  
  20  1:30  Gateway  
  20  1:35  Pylon  
  20  1:41  Forge  
  20  1:43  Probe  
  21  1:47  Assimilator  
  21  1:57  Assimilator  
  21  2:17  Cybernetics Core  
  21  2:18  Probe  
  22  2:26  Probe  
  22  2:27  Zealot  
  25  2:30  Probe  
  25  2:32  Photon Cannon  
  26  2:41  Probe, Photon Cannon  
  26  2:42  Probe  
  27  2:49  Probe  
  27  2:50  Stalker  
  27  2:51  Probe  
  27  2:58  Probe  
  32  3:09  Pylon  
  32  3:14  Probe  
  33  3:21  Twilight Council  
  33  3:27  Assimilator  
  33  3:28  Assimilator  
  33  3:40  Protoss Ground Weapons Level 1  
  33  3:42  Probe  
  33  3:43  Probe  
  35  3:54  Probe x2  
  35  4:02  Probe x2  
  37  4:05  Templar Archives  
  37  4:09  Pylon  
  39  4:15  Gateway  
  39  4:16  Gateway  
  39  4:26  Gateway  
  39  4:27  Warp Gate  
  39  4:32  Gateway  
  39  4:42  Gateway  
  39  4:56  Zealot  
  41  5:06  Probe  
  41  5:07  Probe  
  43  5:18  High Templar x2, Probe  
  43  5:19  High Templar, Probe  
  53  5:25  High Templar  
  55  5:28  Zealot  
  55  5:31  Probe x2  
  55  5:33  Protoss Ground Weapons Level 2  
  57  5:40  Pylon  
  57  5:49  Probe x2  
  59  5:54  Pylon  
  59  6:07  Pylon  
  59  6:15  Archon x2  
  59  6:19  High Templar  
  59  6:20  High Templar x3  
  59  6:21  High Templar  
  69  6:28  High Templar  
  71  6:35  Archon x2  
  71  6:36  Archon  
  71  6:42  Photon Cannon  
  71  6:45  Photon Cannon  
  71  6:49  Photon Cannon  
  71  6:50  Psionic Storm  
  71  6:59  Photon Cannon  
  71  7:03  Photon Cannon  
  71  7:06  Zealot x5, Shield Battery  
  71  7:07  Zealot  
  83  7:26  Nexus  
  77  7:39  Stalker x2  
  77  7:40  Stalker x2  
  81  8:07  Pylon  
  81  8:08  Pylon  
  81  8:12  Zealot x2  
  85  8:25  Charge  
  85  8:29  Shield Battery  
  85  8:30  Shield Battery  
  85  8:33  Shield Battery  
  85  8:34  Photon Cannon x2  
  85  8:36  Photon Cannon  
  85  8:38  Photon Cannon  
  85  8:39  Photon Cannon x2  
  85  8:40  Probe x2  
  87  8:42  Shield Battery  
  87  8:43  Probe  
  88  8:52  Probe  
  88  8:54  High Templar x5  
  99  9:09  Probe x3  
  102  9:21  Probe x3  
  105  9:35  Zealot  
  105  9:36  Zealot x5  
  93  9:55  Archon x2  
Show
View Real Time Build Order
Export as new Build Order

Parkkatz Zerg - Winner!

Build Orders: Hatch First 

Get SALT Encoding   

  12  0:00  Drone  
  13  0:13  Overlord  
  13  0:19  Drone  
  14  0:32  Drone x2  
  16  0:37  Drone  
  17  0:47  Drone  
  18  0:59  Hatchery  
  18  1:01  Extractor  
  18  1:03  Drone  
  17  1:17  Evolution Chamber  
  17  1:19  Spawning Pool  
  17  1:22  Drone  
  17  1:38  Drone x2  
  19  1:40  Overlord  
  19  2:07  Queen  
  21  2:09  Zergling x4  
  21  2:13  Queen  
  21  2:14  Zergling x2  
  26  2:31  Drone x3  
  29  2:38  Metabolic Boost  
  29  2:53  Overlord  
  29  2:55  Drone  
  29  2:58  Drone  
  31  3:01  Hatchery  
  30  3:07  Drone x2  
  30  3:08  Drone  
  30  3:11  Overlord  
  30  3:27  Drone x2  
  32  3:36  Drone x5  
  32  3:37  Drone, Overlord  
  38  3:44  Overlord  
  38  3:46  Drone  
  39  3:53  Extractor  
  39  3:54  Drone  
  39  3:55  Drone  
  40  3:58  Zergling x2  
  40  3:59  Zergling x8  
  45  4:05  Queen, Extractor  
  46  4:18  Roach Warren  
  46  4:19  Evolution Chamber  
  46  4:21  Drone x3  
  46  4:22  Drone x2  
  46  4:23  Drone  
  50  4:30  Spore Crawler  
  50  4:31  Spore Crawler  
  48  4:38  Queen  
  50  4:41  Pneumatized Carapace  
  50  4:45  Queen  
  50  4:47  Drone  
  50  4:50  Drone x2  
  50  4:51  Drone  
  56  4:55  Overlord  
  56  5:03  Drone  
  56  5:04  Drone x3  
  60  5:18  Drone  
  60  5:19  Drone x5  
  66  5:22  Extractor  
  66  5:23  Drone, Extractor  
  65  5:31  Zerg Missile Weapons Level 1  
  65  5:34  Zergling x4  
  65  5:35  Zergling x6  
  70  5:40  Lair  
  70  5:46  Drone x4  
  70  5:47  Drone x2  
  76  6:01  Roach x3  
  82  6:05  Overlord x3  
  82  6:28  Drone x2  
  82  6:29  Drone x2  
  86  6:36  Roach x8  
  102  6:46  Overlord x2  
  102  6:49  Drone x2  
  102  6:50  Drone  
  102  6:52  Overlord  
  105  6:58  Baneling Nest  
  104  7:04  Extractor  
  103  7:09  Overlord x2  
  103  7:11  Overseer  
  103  7:12  Glial Reconstitution  
  95  7:24  Roach x2  
  95  7:25  Roach x6  
  95  7:26  Roach x5  
  95  7:27  Roach  
  113  7:39  Zerg Missile Weapons Level 2  
  113  7:48  Roach x10  
  113  7:49  Hatchery  
  128  7:54  Drone x2, Hydralisk Den  
  128  7:55  Drone  
  130  7:59  Centrifical Hooks  
  130  8:02  Ravager x2  
  130  8:03  Ravager x4  
  130  8:04  Ravager x2  
  138  8:07  Overlord x3  
  138  8:24  Muscular Augments  
  138  8:32  Roach  
  138  8:33  Roach x9  
  158  8:38  Evolution Chamber  
  158  8:40  Drone x2  
  159  8:42  Extractor  
  159  8:45  Extractor  
  159  8:48  Overlord x3  
  157  8:50  Drone x2  
  157  8:52  Zergling x6  
  162  9:02  Overlord  
  162  9:04  Overseer x2  
  162  9:06  Queen  
  164  9:20  Spore Crawler, Drone  
  164  9:21  Hydralisk, Drone x2  
  164  9:22  Hydralisk x9  
  186  9:27  Infestation Pit  
  185  9:34  Spore Crawler  
  185  9:37  Spore Crawler  
  183  9:41  Spore Crawler  
  183  9:43  Spore Crawler  
Tags
 
Composition
Zealot Archon
Matchup
PvZ
Replay Pack
SC2 replays
Spawn Locations
Cross Positions
Add a new tag
Caveats
  • Supply blocks, unpowered buildings, or Contaminate may cause inaccurate times.
  • Supply counts are checked every 10 seconds.